[ AOE2 MATCH · #505519855 ]
UnrankedJapanese vs Koreans
Player's team · LOSS
Rival team · WIN
[ REPLAY ANALYSIS · EXTRACTED FROM THE RECORDED GAME ]
Feudal
8:30
Castle
—
Imperial
—
| APM avg | 41.8 |
| APM peak | 77 |
| eAPM avg | 18.8 |
| Villagers / military | 55 / 20 |
Focus
⚔️ 43.3% · 🌾 56.7%
Militia ×20
Feudal
8:50
Castle
26:13
Imperial
—
| APM avg | 78.2 |
| APM peak | 139 |
| eAPM avg | 36.8 |
| Villagers / military | 60 / 34 |
Focus
⚔️ 35.3% · 🌾 64.7%
Skirmisher ×18 · Archer ×13 · Spearman ×3
Match map
Initial resources + every placement click. Lines = walls · curves = elevation contours. ◆ gold · ⬟ stone · ● berries · ✦ relic · ◌ wall gap
Your base· Open — unwalled flank
[GLD] Abu abdullah's base· Open — unwalled flank
Smoothed initial terrain · ◌ = detected wall gap · hover for details
Inputs per minute
— Ghosty - - [GLD] Abu abdullah
Build order — Ghosty
144 actions detected in the replay
| 0:01 | Create | Villager (Male) ×4 |
| 0:02 | Build | House |
| 0:03 | Build | House |
| 1:28 | Create | Villager (Male) |
| 1:28 | Create | Villager (Male) |
| 1:51 | Build | Lumber Camp |
| 1:52 | Create | Villager (Male) |
| 2:14 | Create | Villager (Male) |
| 2:44 | Create | Villager (Male) |
| 3:09 | Create | Villager (Male) |
| 3:25 | Create | Villager (Male) |
| 3:35 | Create | Villager (Male) |
| 3:52 | Build | House |
| 4:10 | Create | Villager (Male) |
| 4:28 | Create | Villager (Male) |
| 5:06 | Build | Barracks |
| 5:08 | Create | Villager (Male) |
| 5:09 | Research | Loom |
| 6:07 | Build | House |
| 6:20 | Research | Feudal Age |
| 6:20 | Research | Feudal Age |
| 6:29 | Create | Militia |
| 6:33 | Build | Mining Camp |
| 6:52 | Create | Militia |
| 7:15 | Create | Militia |
| 7:17 | Build | Mill |
| 7:27 | Create | Militia |
| 7:49 | Create | Villager (Male) |
| 8:13 | Build | House |
| 8:30 | Age | Feudal Age |
| 8:33 | Research | Man-at-Arms (upgrade) |
| 8:45 | Build | Watch Tower |
| 8:55 | Create | Villager (Male) |
| 8:59 | Build | House |
| 9:16 | Build | Watch Tower |
| 9:26 | Create | Villager (Male) |
| 9:48 | Research | Arson |
| 10:10 | Build | Watch Tower |
| 10:16 | Create | Villager (Male) |
| 10:23 | Build | Palisade Wall |
| 10:25 | Build | Palisade Wall |
| 10:32 | Create | Villager (Male) |
| 11:00 | Build | House |
| 11:02 | Build | House |
| 11:04 | Build | Palisade Wall |
| 11:05 | Build | Palisade Wall |
| 11:07 | Build | Palisade Wall |
| 11:08 | Build | Palisade Wall |
| 11:10 | Build | Palisade Wall |
| 11:15 | Create | Villager (Male) |
| 11:37 | Create | Militia |
| 11:40 | Build | Farm |
| 11:40 | Build | Farm |
| 11:41 | Build | Farm |
| 11:41 | Build | Farm |
| 11:41 | Build | Farm |
| 11:44 | Create | Villager (Male) |
| 11:44 | Create | Villager (Male) |
| 12:06 | Build | Palisade Wall |
| 12:26 | Build | Farm |
| 12:31 | Create | Villager (Male) |
| 12:31 | Create | Villager (Male) |
| 12:36 | Build | Mining Camp |
| 12:54 | Build | Farm |
| 12:55 | Create | Villager (Male) |
| 13:06 | Build | Palisade Gate |
| 13:09 | Build | Palisade Gate |
| 13:23 | Create | Villager (Male) |
| 13:37 | Create | Villager (Male) |
| 13:39 | Build | Farm |
| 13:56 | Build | Palisade Gate |
| 14:03 | Create | Militia |
| 14:21 | Create | Villager (Male) |
| 14:23 | Create | Militia |
| 14:27 | Build | Farm |
| 14:50 | Create | Militia |
| 14:52 | Build | Farm |
| 14:55 | Create | Villager (Male) |
| 15:24 | Create | Militia |
| 15:24 | Create | Militia |
| 15:35 | Build | Watch Tower |
| 15:37 | Create | Villager (Male) |
| 15:44 | Build | House |
| 15:46 | Build | House |
| 16:04 | Build | Blacksmith |
| 16:08 | Research | Town Watch |
| 16:17 | Create | Villager (Male) |
| 16:19 | Create | Militia |
| 16:33 | Build | House |
| 16:36 | Build | House |
| 16:42 | Create | Villager (Male) |
| 16:49 | Build | House |
| 16:50 | Build | Palisade Wall |
| 16:52 | Build | Palisade Wall |
| 16:55 | Create | Militia |
| 17:16 | Build | Watch Tower |
| 17:16 | Create | Villager (Male) |
| 17:28 | Create | Villager (Male) |
| 18:19 | Create | Villager (Male) |
| 18:21 | Build | Farm |
| 18:33 | Create | Villager (Male) |
| 18:45 | Build | Watch Tower |
| 18:56 | Create | Villager (Male) |
| 19:10 | Create | Villager (Male) |
| 19:12 | Build | Farm |
| 19:45 | Create | Villager (Male) |
| 20:04 | Create | Villager (Male) |
| 20:13 | Create | Villager (Male) |
| 20:31 | Research | Fletching |
| 20:44 | Create | Villager (Male) |
| 21:03 | Build | Farm |
| 21:07 | Create | Villager (Male) |
| 21:32 | Create | Villager (Male) |
| 21:40 | Create | Militia |
| 21:40 | Create | Militia |
| 21:48 | Build | Palisade Wall |
| 21:49 | Create | Villager (Male) |
| 22:05 | Create | Villager (Male) |
| 22:26 | Create | Villager (Male) |
| 22:38 | Build | Watch Tower |
| 22:50 | Create | Militia |
| 22:52 | Research | Scale Mail Armor |
| 22:56 | Build | Farm |
| 22:58 | Create | Villager (Male) |
| 23:13 | Create | Villager (Male) |
| 24:04 | Create | Militia |
| 24:04 | Create | Militia |
| 24:05 | Create | Villager (Male) |
| 24:10 | Build | Farm |
| 24:12 | Build | Farm |
| 24:17 | Build | Lumber Camp |
| 24:27 | Create | Villager (Male) |
| 24:31 | Build | Farm |
| 24:35 | Create | Militia |
| 24:42 | Research | Forging |
| 24:59 | Create | Villager (Male) |
| 25:19 | Create | Villager (Male) |
| 25:21 | Build | Farm |
| 25:24 | Build | Farm |
| 25:39 | Build | Farm |
| 25:41 | Create | Villager (Male) |
| 25:52 | Create | Militia |
| 25:52 | Create | Militia |
| 25:59 | Build | House |
Build order — [GLD] Abu abdullah
First 150 of 165 actions detected
| 0:00 | Create | Villager (Male) |
| 0:01 | Build | House |
| 0:02 | Build | House |
| 0:09 | Create | Villager (Male) |
| 0:11 | Create | Villager (Male) |
| 0:11 | Create | Villager (Male) |
| 1:23 | Create | Villager (Male) |
| 2:00 | Create | Villager (Male) |
| 2:12 | Create | Villager (Male) |
| 2:43 | Build | Lumber Camp |
| 2:45 | Create | Villager (Male) |
| 3:14 | Create | Villager (Male) |
| 3:34 | Create | Villager (Male) |
| 3:34 | Create | Villager (Male) |
| 3:51 | Create | Villager (Male) |
| 4:10 | Build | House |
| 4:16 | Create | Villager (Male) |
| 4:16 | Create | Villager (Male) |
| 5:03 | Create | Villager (Male) |
| 5:14 | Create | Villager (Male) |
| 5:25 | Create | Villager (Male) |
| 5:26 | Create | Villager (Male) |
| 5:28 | Build | Mill |
| 5:38 | Create | Villager (Male) |
| 6:10 | Research | Loom |
| 6:35 | Research | Feudal Age |
| 7:11 | Build | House |
| 7:11 | Build | House |
| 7:34 | Build | Barracks |
| 7:35 | Build | Palisade Wall |
| 8:08 | Build | Palisade Wall |
| 8:09 | Build | Palisade Wall |
| 8:10 | Build | Palisade Wall |
| 8:11 | Build | Palisade Wall |
| 8:23 | Build | Palisade Wall |
| 8:24 | Build | Palisade Wall |
| 8:28 | Create | Villager (Male) |
| 8:33 | Build | Palisade Wall |
| 8:34 | Build | Palisade Wall |
| 8:40 | Build | House |
| 8:50 | Age | Feudal Age |
| 8:58 | Build | Archery Range |
| 9:02 | Create | Villager (Male) |
| 9:12 | Create | Villager (Male) |
| 9:20 | Create | Villager (Male) |
| 9:31 | Build | Watch Tower |
| 9:37 | Create | Skirmisher |
| 9:38 | Create | Skirmisher |
| 9:46 | Create | Skirmisher |
| 9:49 | Create | Skirmisher |
| 9:50 | Create | Villager (Male) |
| 9:53 | Create | Villager (Male) |
| 9:54 | Create | Villager (Male) |
| 10:17 | Create | Skirmisher |
| 10:21 | Create | Skirmisher |
| 10:46 | Create | Skirmisher |
| 10:46 | Create | Skirmisher |
| 11:05 | Create | Skirmisher |
| 11:34 | Create | Villager (Male) |
| 11:51 | Create | Skirmisher |
| 12:10 | Create | Skirmisher |
| 12:27 | Create | Villager (Male) |
| 12:39 | Create | Skirmisher |
| 12:53 | Build | Farm |
| 12:54 | Build | Farm |
| 12:54 | Build | Farm |
| 12:55 | Build | Farm |
| 12:55 | Build | Farm |
| 13:05 | Create | Spearman |
| 13:17 | Create | Skirmisher |
| 13:18 | Create | Villager (Male) |
| 13:21 | Build | House |
| 13:25 | Create | Skirmisher |
| 13:41 | Create | Spearman |
| 13:49 | Build | House |
| 13:50 | Build | House |
| 13:52 | Create | Spearman |
| 14:04 | Create | Skirmisher |
| 14:05 | Create | Villager (Male) |
| 14:06 | Build | Farm |
| 14:08 | Build | Farm |
| 14:09 | Build | Farm |
| 14:10 | Build | Farm |
| 14:32 | Research | Double-Bit Axe |
| 14:32 | Research | Double-Bit Axe |
| 14:33 | Create | Villager (Male) |
| 14:46 | Build | Farm |
| 14:51 | Create | Skirmisher |
| 14:55 | Create | Villager (Male) |
| 14:59 | Build | Farm |
| 15:26 | Build | Farm |
| 15:26 | Build | Farm |
| 15:28 | Create | Villager (Male) |
| 15:35 | Create | Villager (Male) |
| 15:40 | Create | Skirmisher |
| 15:46 | Create | Villager (Male) |
| 15:49 | Create | Skirmisher |
| 15:56 | Create | Villager (Male) |
| 15:57 | Build | Farm |
| 15:57 | Create | Villager (Male) |
| 16:02 | Build | Mining Camp |
| 16:11 | Create | Villager (Male) |
| 16:11 | Create | Villager (Male) |
| 16:20 | Build | House |
| 16:35 | Create | Villager (Male) |
| 16:36 | Build | Farm |
| 16:48 | Create | Villager (Male) |
| 17:22 | Create | Villager (Male) |
| 17:24 | Build | Watch Tower |
| 17:38 | Create | Villager (Male) |
| 17:54 | Create | Villager (Male) |
| 18:03 | Build | Archery Range |
| 18:45 | Build | Blacksmith |
| 18:53 | Create | Archer |
| 18:54 | Create | Villager (Male) |
| 19:10 | Create | Villager (Male) |
| 19:36 | Create | Villager (Male) |
| 19:45 | Build | Mill |
| 19:45 | Build | Farm |
| 19:45 | Build | Farm |
| 19:45 | Build | Farm |
| 19:45 | Build | Farm |
| 19:46 | Build | Farm |
| 19:46 | Build | Farm |
| 19:47 | Create | Villager (Male) |
| 19:57 | Build | House |
| 20:13 | Build | House |
| 20:27 | Build | Market |
| 20:32 | Create | Villager (Male) |
| 20:36 | Build | Farm |
| 20:57 | Create | Villager (Male) |
| 21:09 | Create | Villager (Male) |
| 21:11 | Build | Farm |
| 21:11 | Build | Farm |
| 21:12 | Build | Farm |
| 21:17 | Create | Archer |
| 21:17 | Create | Archer |
| 21:21 | Create | Villager (Male) |
| 21:24 | Create | Villager (Male) |
| 21:24 | Create | Villager (Male) |
| 21:29 | Create | Villager (Male) |
| 21:56 | Create | Villager (Male) |
| 21:56 | Create | Villager (Male) |
| 22:03 | Research | Fletching |
| 22:22 | Create | Archer |
| 22:29 | Create | Archer |
| 22:31 | Create | Villager (Male) |
| 22:46 | Build | Watch Tower |
| 23:05 | Build | House |
| 23:33 | Research | Castle Age |
Match timeline
| 5:06 | Ghosty · first_building Barracks |
| 7:34 | [GLD] Abu abdullah · first_building Barracks |
| 7:35 | [GLD] Abu abdullah · wall_segment Palisade Wall x1 |
| 8:08 | [GLD] Abu abdullah · wall_segment Palisade Wall x1 |
| 8:09 | [GLD] Abu abdullah · wall_segment Palisade Wall x1 |
| 8:10 | [GLD] Abu abdullah · wall_segment Palisade Wall x1 |
| 8:11 | [GLD] Abu abdullah · wall_segment Palisade Wall x1 |
| 8:23 | [GLD] Abu abdullah · wall_segment Palisade Wall x1 |
| 8:24 | [GLD] Abu abdullah · wall_segment Palisade Wall x1 |
| 8:30 | Ghosty · age_up feudal |
| 8:33 | [GLD] Abu abdullah · wall_segment Palisade Wall x4 |
| 8:34 | [GLD] Abu abdullah · wall_segment Palisade Wall x2 |
| 8:50 | [GLD] Abu abdullah · age_up feudal |
| 8:58 | [GLD] Abu abdullah · first_building Archery Range |
| 10:23 | Ghosty · wall_segment Palisade Wall x1 |
| 10:25 | Ghosty · wall_segment Palisade Wall x1 |
| 11:04 | Ghosty · wall_segment Palisade Wall x1 |
| 11:05 | Ghosty · wall_segment Palisade Wall x1 |
| 11:07 | Ghosty · wall_segment Palisade Wall x1 |
| 11:08 | Ghosty · wall_segment Palisade Wall x1 |
| 11:10 | Ghosty · wall_segment Palisade Wall x1 |
| 12:06 | Ghosty · wall_segment Palisade Wall x1 |
| 16:50 | Ghosty · wall_segment Palisade Wall x1 |
| 16:52 | Ghosty · wall_segment Palisade Wall x1 |
| 21:16 | [GLD] Abu abdullah · first_market_sell 100 stone |
| 21:48 | Ghosty · wall_segment Palisade Wall x4 |
| 26:13 | [GLD] Abu abdullah · age_up castle |
| 26:20 | Ghosty · resign |
[ AI ANALYSIS · 1 CREDIT ]
What really happened in this match?
Wolo.gg analyzes every decision: build order, eco, micro, common mistakes by bracket. Personalized analysis on WhatsApp or Discord in 30 seconds.
Civ guide
Japanese
Perfil
Jugador #24926497